[Event "*** Titled Tuesday Blitz"]
[Site "Chess.com"]
[Date "2021.03.30"]
[Round "5"]
[White "Sjakkerntobi"]
[Black "Orlov_Oleg"]
[Result "0-1"]
[WhiteElo "2399"]
[BlackElo "2598"]
[TimeControl "180+1"]
[EndTime "10:56:17 PDT"]
[Termination "Orlov_Oleg won by checkmate"]

1. e4 c5 2. Nf3 e6 3. d4 cxd4 4. Nxd4 Qb6 5. Nb3 Nc6 6. Nc3 a6 7. Be3 Qc7 8. Be2 Nf6 9. O-O Bb4 10. f3 Ne5 11. Qd4 Nc6 12. Qd1 O-O 13. a3 Bxc3 14.
bxc3 d5 15. Bd3 Ne5 16. Qe1 Ng6 17. Bd4 e5 18. Bc5 Re8 19. Rd1 Be6 20. Bf2 Rac8 21. Nc5 Nf4 22. Nxe6 fxe6 23. exd5 exd5 24. Bf5 Rcd8 25.
Rb1 b5 26. Bg3 Qc5+ 27. Bf2 Qxa3 28. Ra1 Qd6 29. Qe3 g6 30. Bd3 Kg7 31. Qb6 Qxb6 32.
Bxb6 Rd6 33. Bc5 Rc6 34. Bb4 g5 35. g3 Nxd3 36. cxd3 d4 37. cxd4 exd4 38. Rfe1 Rxe1+ 39. Rxe1 Nd5 40. Ba5 b4 41. Rb1 Rc5 42. Bd8 h6 43. Kf2 a5 44. Ra1 b3 45. Rb1 a4 46. f4 Kg6 47.
Kf3 Nc3 48. Rb2 gxf4 49. gxf4 Kf5 50. Be7 Ra5 51. Ba3 Ra8 52. Rg2 Nb5 53. Bb2 a3 54. Ba1 Nc3 55. h4 Rb8 56. Rg8 Rxg8 57. Bxc3 dxc3 58.
d4 c2 59. d5 c1=Q 60. d6 b2 61. d7 b1=Q 62. d8=Q Rxd8 63. Kg2 Rd2+ 64. Kh3 Qc3# 0-1

[Event "*** Titled Tuesday Blitz"]
[Site "Chess.com"]
[Date "2021.03.30"]
[Round "5"]
[White "maximnovik"]
[Black "ZEN-22"]
[Result "1-0"]
[WhiteElo "2561"]
[BlackElo "2408"]
[TimeControl "180+1"]
[EndTime "10:56:17 PDT"]
[Termination "maximnovik won by resignation"]

1. Nf3 Nc6 2. g3 e5 3. d3 d5 4. Bg2 h6 5. O-O Nf6 6. c4 Be6 7. cxd5 Nxd5 8. a3 Bc5 9. b4 Bb6 10. Bb2 f6 11. Nbd2 O-O 12. Rc1 Rf7 13. Ne4 Rd7 14.
Nc5 Bxc5 15. Rxc5 Nb6 16. Qc2 Ne7 17. Rc1 c6 18. a4 a6 19. b5 axb5 20. axb5 Na4 21.
bxc6 bxc6 22. Ba3 Nxc5 23. Bxc5 Ra2 24. Qd1 Nd5 25. Nd2 Rb7 26. Nc4 Rb5 27. Be3 Nxe3 28.
Nxe3 Rbb2 29. Rxc6 Rxe2 30. Rxe6 Rxe3 31. fxe3 Rxg2+ 32. Kxg2 Qd5+ 33. Qf3 Qxe6 34. g4 Qa2+ 35. Kg3 Kf7 36. h4 Kg6 37. Qe4+ Kf7 38. h5 Qe6 39. Qb7+ Kf8 40. Qa8+ Ke7 41. Qb7+ Kf8 42. Qa8+ Qe8 43. Qxe8+ Kxe8 44. Kf3 Kd7 45. Ke4 Ke6 46. d4 exd4 47.
exd4 Kf7 48. d5 g6 49. hxg6+ Kxg6 50. d6 Kf7 51. Kf5 h5 52. gxh5 Kf8 53. h6 Kf7 54. h7 Kg7 55. d7 Kh8 56. d8=Q+ Kxh7 57. Qxf6 Kg8 58. Qe7 Kh8 59. Kg6 1-0

[Event "*** Titled Tuesday Blitz"]
[Site "Chess.com"]
[Date "2021.03.30"]
[Round "5"]
[White "Harry_Rakkel"]
[Black "Rozhkov_V"]
[Result "1-0"]
[WhiteElo "2597"]
[BlackElo "2351"]
[TimeControl "180+1"]
[EndTime "10:56:17 PDT"]
[Termination "Harry_Rakkel won by resignation"]

1. d4 d5 2. c4 dxc4 3. Nf3 Nf6 4.
e3 e6 5. Bxc4 a6 6. O-O c5 7. a4 Nc6 8. Nc3 Be7 9. dxc5 Bxc5 10. Qxd8+ Kxd8 11. Bd2 Ke7 12. Rfc1 b6 13. Ne2 Bb7 14. a5 Ne4 15. Be1 Nd6 16. axb6 Nxc4 17. Rxc4 Bxb6 18. Ned4 Nxd4 19. Nxd4 Bd5 20. Rca4 Rhc8 21.
Bb4+ Kf6 22. Bc3 Kg6 23. Rxa6 Rxa6 24. Rxa6 Bxd4 25. exd4 Rb8 26. f3 h5 27. h4 Kf5 28.
Kf2 f6 29. Ra7 Rb7 30. Ra3 g5 31. hxg5 fxg5 32. Ra1 h4 33. Ke3 g4 34. fxg4+ Kxg4 35. Kf2 Rf7+ 36. Kg1 Kg3 37. Be1+ Kg4 38. Ra3 Rf4 39.
Rh3 Kh5 40. Bf2 Rg4 41. g3 Kg5 42. Rxh4 Re4 43. Rxe4 Bxe4 44. Kf1 Kg4 45. Ke2 Bd5 46. b4 Bc4+ 47. Ke3 Bb5 48. Ke4 Bc4 49. Ke5 Kf3 50. Be1 Ke2 51. g4 Kxe1 52. g5 Bd3 53. Kxe6 Kd2 54. d5 Kc3 55. d6 Bb5 56. d7 Bxd7+ 57.
Kxd7 Kxb4 58. g6 1-0

[Event "*** Titled Tuesday Blitz"]
[Site "Chess.com"]
[Date "2021.03.30"]
[Round "5"]
[White "The_Machine04"]
[Black "yuki_chess123"]
[Result "1-0"]
[WhiteElo "2429"]
[BlackElo "2239"]
[TimeControl "180+1"]
[EndTime "10:56:18 PDT"]
[Termination "The_Machine04 won by resignation"]

1. d4 g6 2. Nf3 Bg7 3. e4 c6 4. c3 d5 5. Nbd2 Bg4 6. h3 Bxf3 7. Qxf3 Nf6 8. Bd3 O-O 9. O-O Nbd7 10. Re1 dxe4 11. Nxe4 Nxe4 12. Bxe4 e5 13. dxe5 Nxe5 14. Qe2 Re8 15. Be3 Qh4 16. Bc2 Rad8 17. Rad1 Rxd1 18.
Rxd1 Rd8 19. Rxd8+ Qxd8 20. Bd4 Nd7 21. Bxg7 Kxg7 22.
Qd3 Qe7 23. Qe4 Qd6 24. g3 Nf6 25. Qd3 Qc5 26. Kg2 a5 27. a4 h5 28. h4 Qb6 29.
b3 Qc5 30. Qd4 Qd5+ 31. Qxd5 Nxd5 32. c4 Nb4 33. Bb1 Na6 34. Kf3 Nc5 35. Bc2 Kf6 36.
Ke3 Ke5 37. f4+ Kd6 38. Kd4 f5 39. Kc3 Ne6 40. b4 b6 41. c5+ bxc5 42. bxa5 Nc7 43.
Bd3 Nd5+ 44. Kb3 Kc7 45. Kc4 Kd6 46. a6 Nb6+ 47. Kb3 Kd5 48. a7 Kd4 49. Bc4 Ke3 50.
Bf7 Kf3 51. Bxg6 Kxg3 52. Bxh5 Kxh4 53. Bf3 Kg3 54. Bxc6 Kxf4 55. a8=Q Nxa8 56. Bxa8 Ke3 57. Kc4 Kf4 58. a5 Ke5 59. Kxc5 Ke6 60. Bc6 f4 61. a6 f3 62. Bxf3 Kd7 63. a7 Kc7 64. a8=Q 1-0

[Event "*** Titled Tuesday Blitz"]
[Site "Chess.com"]
[Date "2021.03.30"]
[Round "5"]
[White "igorkovalenko"]
[Black "AlexOstrovskiy"]
[Result "1/2-1/2"]
[WhiteElo "2949"]
[BlackElo "2743"]
[TimeControl "180+1"]
[EndTime "10:56:19 PDT"]
[Termination "Game drawn by repetition"]

1. d4 Nf6 2. Nf3 c5 3. e3 d5 4. Nbd2 cxd4 5. exd4 Nc6 6. Bb5 Bg4 7. h3 Bxf3 8. Nxf3 e6 9. O-O Rc8 10. c3 Bd6 11. Bd3 O-O 12. Bg5 h6 13. Bh4 e5 14.
dxe5 Nxe5 15. Nxe5 Bxe5 16. Re1 Re8 17. Qf3 Qb6 18.
Re2 Ne4 19. Rae1 Bf6 20. Bxf6 Nxf6 21. Rxe8+ Rxe8 22. Rxe8+ Nxe8 23. Qxd5 Nf6 24. Qe5 Qd8 25. Bc2 b6 26. g3 h5 27. Qe2 g6 28. a4 Kg7 29.
Bb3 Qd7 30. Qf3 Qxh3 31. Qb7 Qd7 32. Qxd7 Nxd7 33. Kg2 f5 34. Bd5 Kf6 35. b4 Ke5 36.
Bf7 Kf6 37. Be8 Ne5 38. f4 Nc4 39. Kf2 Nd2 40. Bc6 g5 41. Ke3 Nf1+ 42. Kf2 Nd2 43. Ke2 Nc4 44. Kd3 Nd6 45. c4 gxf4 46. gxf4 h4 47.
Bg2 Ke6 48. Bd5+ Ke7 49. c5 bxc5 50. bxc5 Ne8 51. Bg2 Nc7 52. Kd4 Ke6 53. Bf1 Kf6 54. c6 Ke6 55. Kc5 Ke7 56. Bh3 Ke6 57. a5 Ne8 58.
Kb5 Nc7+ 59. Kc5 Na6+ 60. Kb5 Nc7+ 61. Kc5 1/2-1/2

[Event "*** Titled Tuesday Blitz"]
[Site "Chess.com"]
[Date "2021.03.30"]
[Round "5"]
[White "nicolochessit"]
[Black "Ladislav1969"]
[Result "1-0"]
[WhiteElo "2275"]
[BlackElo "2324"]
[TimeControl "180+1"]
[EndTime "10:56:19 PDT"]
[Termination "nicolochessit won by resignation"]

1. e4 c5 2. c3 e6 3. d4 d5 4. exd5 exd5 5. Nf3 f6 6. Be2 Nc6 7. O-O c4 8. Bf4 Bd6 9. Bxd6 Qxd6 10. Na3 Nge7 11. Nb5 Qd8 12. a4 a6 13. Na3 O-O 14.
b3 cxb3 15. Qxb3 Na5 16. Qc2 Bf5 17. Bd3 Qd7 18. Rab1 Rac8 19. Rfe1 Bxd3 20. Qxd3 Rfe8 21. Rb4 Nec6 22. Rbb1 Rxe1+ 23. Rxe1 Nd8 24. Qd1 Nc4 25. Nxc4 Rxc4 26. Qe2 Nc6 27. Qc2 Na5 28. Ra1 g6 29. h3 Kf7 30. Nd2 Rc8 31. Nb3 Nc4 32. Nc5 Qe7 33.
Qb3 b6 34. Nxa6 Re8 35. Nb4 Qd7 36. Qc2 Re4 37. Nd3 Qe6 38. Qd1 Re2 39. Nf4 Nb2 40.
Qxe2 Qf5 41. Qe6+ Kg7 42. Qxf5 gxf5 43. Rb1 Nd3 44. Rb3 Nxf4 45. Rxb6 Ne2+ 46. Kf1 Nxc3 47. a5 Na4 48. Rb8 Nc3 49. a6 Nb5 50. Rb7+ Kg6 51. a7 Nxa7 52. Rxa7 h5 53. Rd7 h4 54. Rxd5 f4 55. Ke2 f3+ 56. Kxf3 f5 57. g3 f4 58. Kxf4 hxg3 59. fxg3 1-0

[Event "*** Titled Tuesday Blitz"]
[Site "Chess.com"]
[Date "2021.03.30"]
[Round "5"]
[White "jamalm2"]
[Black "poneis_malditos"]
[Result "1-0"]
[WhiteElo "1975"]
[BlackElo "2281"]
[TimeControl "180+1"]
[EndTime "10:56:20 PDT"]
[Termination "jamalm2 won by resignation"]

1. e4 c5 2. Nf3 e6 3. g3 g6 4. Bg2 Bg7 5. Nc3 Nc6 6. d3 d6 7.
O-O Nge7 8. h3 O-O 9. Be3 a6 10. Nh2 b5 11. Qd2 Re8 12. Ng4 Nd4 13. Bg5 h5 14. Nf6+ Bxf6 15. Bxf6 Kh7 16. Qg5 Qc7 17. g4 Ng8 18. gxh5 Nxf6 19. hxg6+ fxg6 20. Qxf6 Nxc2 21. e5 d5 22. Rac1 Nb4 23. d4 c4 24. Ne2 Qg7 25.
Qh4+ Kg8 26. Rc3 Nd3 27. Nc1 Nxb2 28. Rg3 Rf8 29. f4 Rf5 30. Bf3 Kf7 31. Bg4 Bd7 32.
Bxf5 exf5 33. Rf2 Na4 34. Rfg2 Rh8 35. Qf6+ Qxf6 36. exf6 Rh6 37. Re2 Kxf6 38. Re5 b4 39. Rxd5 Be6 40. Rd6 Ke7 41. Rxa6 Nc3 42. Re3 Ne4 43.
Rb6 b3 44. axb3 c3 45. Rc6 Rh4 46. Ne2 Bxb3 47. Nxc3 Bc2 48. Nd5+ Kd7 49. Rxc2 Ng3 50. Kg2 Nh5 51. Rb3 Kd6 52. Rc5 Nxf4+ 53. Nxf4 Rxf4 54. Rb6+ Kd7 55. d5 Rd4 56. Rxg6 Rd2+ 57. Kf3 1-0

[Event "*** Titled Tuesday Blitz"]
[Site "Chess.com"]
[Date "2021.03.30"]
[Round "5"]
[White "Redbandit87"]
[Black "Susal_De_Silva"]
[Result "1/2-1/2"]
[WhiteElo "2367"]
[BlackElo "2665"]
[TimeControl "180+1"]
[EndTime "10:56:22 PDT"]
[Termination "Game drawn by stalemate"]

1. d4 Nf6 2. Bf4 e6 3. e3 d5 4. Nd2 Bd6 5. Bg3 O-O 6. Bd3 c5 7. c3 Nc6 8. Ngf3 b6 9. O-O Bb7 10. Ne5 Ne7 11. f4 Nf5 12. Bxf5 exf5 13. Qc2 g6 14.
Bh4 Be7 15. Rf2 Rc8 16. Qd3 Ne4 17. Bxe7 Nxf2 18. Bxd8 Nxd3 19. Bf6 Nxe5 20. fxe5 Ba6 21. Nb3 h5 22. a4 Bc4 23. Nd2 cxd4 24. exd4 Bd3 25.
Kf2 Rfe8 26. h4 Rc6 27. Bg5 a6 28. Nb3 f6 29. Bf4 Rce6 30. a5 fxe5 31. Bxe5 Rxe5 32. dxe5 Rxe5 33. axb6 Re2+ 34. Kg3 Rxb2 35. Nc5 Bc4 36. b7 Kf7 37. Re1 a5 38. Ra1 Ke7 39. Rxa5 Kd6 40.
Na4 Rxb7 41. Kf4 Bb3 42. Kg5 Bxa4 43. Rxa4 Rb2 44. Kxg6 Rxg2+ 45. Kxf5 Rg3 46. Ra6+ Kc5 47. Ra5+ Kc4 48. Ke5 Rxc3 49. Rxd5 Re3+ 50. Kd6 Rd3 51. Rxd3 Kxd3 52. Ke5 Kc4 53. Kf5 Kd5 54. Kg5 Ke6 55.
Kxh5 Kf7 56. Kg5 Kg8 57. h5 Kh8 58. h6 Kg8 59. Kg6 Kh8 60. h7 1/2-1/2

[Event "*** Titled Tuesday Blitz"]
[Site "Chess.com"]
[Date "2021.03.30"]
[Round "5"]
[White "GAusal"]
[Black "Kostukov_Alex"]
[Result "0-1"]
[WhiteElo "2053"]
[BlackElo "2304"]
[TimeControl "180+1"]
[EndTime "10:56:26 PDT"]
[Termination "Kostukov_Alex won on time"]

1. d4 g6 2. Nc3 Bg7 3. Bf4 d6 4.
Qd2 e5 5. dxe5 dxe5 6. Qxd8+ Kxd8 7. O-O-O+ Nd7 8. Be3 c6 9. g3 f6 10. Bh3 Kc7 11.
Nf3 Bh6 12. Bxh6 Nxh6 13. Bxd7 Bxd7 14. Ne4 Rhf8 15. c4 Bf5 16. Nc5 b6 17. Nb3 Bh3 18. c5 Ng4 19. Rd2 Nxf2 20. Re1 Ne4 21. Rd3 bxc5 22.
Nfd2 Nxd2 23. Nxd2 Rab8 24. Rc3 Rb5 25. Nc4 Be6 26.
Na3 Ra5 27. Kb1 Rb8 28. Ka1 Rb4 29. Rec1 Kd6 30. Rd1+ Rd4 31. Rdc1 h5 32. e3 Rd2 33. R3c2 Rxc2 34. Rxc2 e4 35. Nc4+ Bxc4 36. Rxc4 Kd5 37. Rc2 Rb5 38. b3 Rb7 39. Rd2+ Ke5 40. Rc2 Kf5 41.
Rxc5+ Kg4 42. Rxc6 Rf7 43. Rc2 Kf3 44. Rc3 Rd7 45. Rc6 f5 46. Rxg6 Kxe3 47. Rg5 Rd5 48. h3 Kf2 49. g4 hxg4 50. hxg4 e3 51. Rxf5+ Rxf5 52. gxf5 e2 53. f6 e1=Q+ 54. Kb2 Qe5+ 0-1

[Event "*** Titled Tuesday Blitz"]
[Site "Chess.com"]
[Date "2021.03.30"]
[Round "5"]
[White "NicoChasin"]
[Black "tptagain"]
[Result "0-1"]
[WhiteElo "2614"]
[BlackElo "2822"]
[TimeControl "180+1"]
[EndTime "10:56:27 PDT"]
[Termination "tptagain won by resignation"]

1. e4 c6 2. d4 d5 3. e5 Bf5 4. h4 h5 5. Nf3 e6 6. Bd3 Bxd3 7.
Qxd3 Qa5+ 8. Bd2 Qa6 9. Ke2 f6 10. Qxa6 Nxa6 11. c3 Ne7 12. Na3 Ng6 13. Nc2 Be7 14.
Rae1 Kf7 15. Kd3 c5 16. g3 Rac8 17. exf6 gxf6 18. Re2 c4+ 19. Ke3 e5 20. dxe5 Bc5+ 21. Nfd4 fxe5 22. Kf3 exd4 23. cxd4 Be7 24. Ne3 Nc7 25.
Nf5 Rhe8 26. Rhe1 Bf8 27. g4 hxg4+ 28. Kxg4 Rxe2 29. Rxe2 Re8 30. Be3 Re4+ 31. f4 Ne6 32.
Ng3 Ngxf4 33. Re1 Nd3+ 34. Nxe4 Nxe1 35. Nc3 Nc2 36. Nxd5 Nexd4 37. Bf2 b5 38. h5 a5 39.
Nb6 Nc6 40. a4 bxa4 41. Nxc4 Bg7 42. Kf5 N2d4+ 43. Ke4 Ke6 44. Nxa5 Nxa5 45. Bxd4 Bf8 46. Bc3 Nc6 47. Kd3 Kd5 48. Bd2 Nb4+ 49. Kc3 Kc5 50. Be3+ Kb5 51. Kd4 Nc6+ 52. Kd5 Bg7 53. Bc1 Na5 54.
Ke6 Nc4 55. Kf7 Bd4 56. h6 Nxb2 57. Ke6 a3 58. Kd5 Bh8 59. h7 a2 60. Bxb2 Bxb2 0-1

[Event "*** Titled Tuesday Blitz"]
[Site "Chess.com"]
[Date "2021.03.30"]
[Round "5"]
[White "xberli"]
[Black "comsac"]
[Result "1/2-1/2"]
[WhiteElo "2516"]
[BlackElo "2387"]
[TimeControl "180+1"]
[EndTime "10:56:27 PDT"]
[Termination "Game drawn by stalemate"]

1. d4 d5 2. Nc3 e6 3. Bf4 Nf6 4. e3 Be7 5. g4 O-O 6. g5 Ne4 7.
Nxe4 dxe4 8. h4 b6 9. Bg2 Bb7 10. Ne2 Na6 11. c3 c5 12. Qc2 cxd4 13. exd4 Rc8 14.
Bxe4 Nb4 15. Qb1 Bxe4 16. Qxe4 Nd5 17. Bd2 Qd7 18. Nf4 Nxf4 19. Bxf4 Qb5 20. Qe2 Qd5 21. f3 b5 22. Qe4 Qc4 23. Bd2 Rfd8 24. h5 b4 25. b3 Qd5 26. Qxd5 Rxd5 27. c4 Rxd4 28. Be3 Rd3 29. Ke2 Rcd8 30. Rad1 Rxd1 31. Rxd1 Rxd1 32.
Kxd1 a6 33. Kc2 Kf8 34. Kd3 Ke8 35. c5 Kd7 36. Kc4 Kc6 37. Kxb4 f6 38. gxf6 gxf6 39. Kc4 f5 40. b4 e5 41. a4 Bh4 42. b5+ axb5+ 43. axb5+ Kc7 44. Kd5 Bg3 45. Bd2 Kb7 46. Bc3 e4 47. fxe4 f4 48. e5 f3 49. Bd4 f2 50. Bxf2 Bxf2 51. e6 Kc7 52. b6+ Kd8 53. Kd6 Bg3+ 54. Kc6 Ke7 55. Kd5 Bf2 56. b7 Bg3 57. c6 Bc7 58. Kc5 Kxe6 59. Kb5 Kd5 60. Ka6 Kxc6 61. Ka7 Kd5 62. b8=Q Bxb8+ 63. Kxb8 Ke5 64.
Kc7 Kf5 65. Kd6 Kg5 66. Ke5 Kxh5 67. Kf4 Kh4 68. Kf3 Kh3 69. Kf2 h5 70. Kg1 h4 71.
Kh1 Kg4 72. Kg1 h3 73. Kh1 Kh4 74. Kg1 Kg3 75. Kh1 h2 1/2-1/2

[Event "*** Titled Tuesday Blitz"]
[Site "Chess.com"]
[Date "2021.03.30"]
[Round "5"]
[White "FairChess_on_YouTube"]
[Black "Funo09"]
[Result "1-0"]
[WhiteElo "3009"]
[BlackElo "2759"]
[TimeControl "180+1"]
[EndTime "10:56:28 PDT"]
[Termination "FairChess_on_YouTube won on time"]

1. e4 Nf6 2. e5 Nd5 3. d4 Nb6 4. Nf3 d6 5. Be2 g6 6. O-O Bg7 7. exd6 cxd6 8. a4 a6 9. a5 N6d7 10. d5 O-O 11. c4 Nc5 12. Ra3 Bf5 13. Nc3 b6 14. b4 Nb7 15. axb6 Qxb6 16. Be3 Qc7 17. Nd4 Bc8 18. Na4 Nd7 19. Nc6 Re8 20. Bf3 Ne5 21. Nb6 Bf5 22. Nxa8 Rxa8 23. h3 Nxc4 24.
Rb3 Nd8 25. Bd4 Nxc6 26. Bxg7 N6e5 27. Bh6 f6 28. Be2 Nb6 29. Qd4 Qb7 30. b5 a5 31.
Bd2 Kg7 32. Ra1 a4 33. Rba3 Bc2 34. Bd1 Bxd1 35. Rxd1 Nbc4 36. Ra2 Qxb5 37. Bc3 Qb3 38. Rda1 a3 39. Kh2 g5 40. Re2 Rc8 41. h4 h6 42. h5 Kf7 43. Be1 Nb2 44. Qe4 Kg7 45. Qf5 Rc4 46. Qe6 Rc7 47. f3 Nbd3 48. Bg3 Qc3 49.
Rb1 Nf7 50. Rb8 a2 51. Qf5 Nde5 52. Rxa2 Qc1 53. Raa8 1-0

[Event "*** Titled Tuesday Blitz"]
[Site "Chess.com"]
[Date "2021.03.30"]
[Round "5"]
[White "jaskol95"]
[Black "OhanyanEminChess"]
[Result "0-1"]
[WhiteElo "2420"]
[BlackElo "2685"]
[TimeControl "180+1"]
[EndTime "10:56:28 PDT"]
[Termination "OhanyanEminChess won on time"]

1. d4 Nf6 2. Bf4 c5 3. e3 cxd4 4. exd4 d5 5. Nd2 Nc6 6. c3 Bg4 7.
Qa4 e6 8. Ngf3 Bd6 9. Ba6 Bxf4 10. Bxb7 O-O 11. Bxc6 Rb8 12. b4 Bxf3 13. Nxf3 Ne4 14. Qb3 Rc8 15. b5 Qa5 16. O-O Nxc3 17. g3 Bd6 18. Ne5 Ne2+ 19. Kg2 Nxd4 20. Qe3 Nc2 21. Qe2 Nxa1 22. Rxa1 Bxe5 23. Qxe5 a6 24. a4 axb5 25.
axb5 Qc7 26. Qd4 Qd6 27. h4 Rxc6 28. bxc6 Qxc6 29. h5 Qc4 30. Qe5 Qe4+ 31. Qxe4 dxe4 32. Ra4 f5 33. Ra6 Kf7 34. g4 Re8 35. Kg3 g5 36.
hxg6+ Kxg6 37. Kf4 fxg4 38. Kxg4 Kf6 39. Kf4 h5 40.
Ra5 Rh8 41. Kxe4 h4 42. Ra1 Kg5 43. Kf3 Rf8+ 44. Kg2 Rf4 45. Ra5+ Kf6 46. Ra8 Ke5 47. Ra5+ Kf6 48. Ra8 e5 49. Rf8+ Kg5 50. Rg8+ Kf5 51. f3 Ke6 0-1

[Event "*** Titled Tuesday Blitz"]
[Site "Chess.com"]
[Date "2021.03.30"]
[Round "5"]
[White "kakorrhaphiophobie"]
[Black "CzechmVIII"]
[Result "1-0"]
[WhiteElo "2345"]
[BlackElo "2211"]
[TimeControl "180+1"]
[EndTime "10:56:28 PDT"]
[Termination "kakorrhaphiophobie won on time"]

1. d4 Nf6 2. c4 c5 3. d5 b5 4. cxb5 a6 5. bxa6 g6 6. Nc3 Bxa6 7. e4 Qa5 8. Bxa6 Nxa6 9. e5 Ne4 10.
Ne2 Bg7 11. O-O Nxc3 12. Nxc3 O-O 13. Qe2 d6 14. Bf4 Qb4 15. Bg3 Rfb8 16. Rab1 Rb6 17. h4 h5 18. e6 f5 19. Qd2 Nc7 20.
Rfc1 Qd4 21. Qg5 Qf6 22. Qxf6 Bxf6 23. a4 Rb4 24. Nb5 Nxd5 25. Rd1 Raxa4 26. Nxd6 f4 27.
Rxd5 exd6 28. Bh2 Rd4 29. Rd1 Rxd1+ 30. Rxd1 Rd4 31. Rxd4 Bxd4 32. Bxf4 Kf8 33. Bxd6+ Ke8 34. b3 Bf6 35. g3 Bd4 36. Kf1 Bc3 37. Ke2 Bd4 38.
f3 Bg1 39. Kd3 Bd4 40. Kc4 Bf2 41. Kd5 Kd8 42. Ke5 Bxg3+ 43. Kd5 Bxh4 44. Bxc5 Be7 45. Bb6+ Ke8 46. Bc7 h4 47. Bh2 g5 48. Ke5 Bd8 49. Kf5 Bb6 50. f4 Bf2 51. fxg5 h3 52. Kg4 Kf8 53. Bd6+ Ke8 54. Kxh3 Be3 55. Kg4 Bd2 56. Kf5 Bb4 57. g6 Bc5 58. Bxc5 1-0

[Event "*** Titled Tuesday Blitz"]
[Site "Chess.com"]
[Date "2021.03.30"]
[Round "5"]
[White "stepakyedael"]
[Black "JiiHart"]
[Result "0-1"]
[WhiteElo "2288"]
[BlackElo "2061"]
[TimeControl "180+1"]
[EndTime "10:56:28 PDT"]
[Termination "JiiHart won on time"]

1. d4 Nf6 2. c4 g6 3. Nc3 d5 4. Nf3 Bg7 5. Bf4 O-O 6. e3 c6 7. h3 a6 8. Be2 Nbd7 9. cxd5 cxd5 10. Qb3 e6 11. a4 b6 12. O-O Bb7 13. Rfc1 Rc8 14.
a5 b5 15. Bd6 Re8 16. Bb4 Bf8 17. Ne1 Bxb4 18. Qxb4 Qe7 19. Qxe7 Rxe7 20. b4 Nb8 21.
Nd3 Nc6 22. Na2 e5 23. dxe5 Nxe5 24. Nc5 Nc4 25. Nc3 Rd8 26. Bf3 Nd2 27. Nxb7 Nxf3+ 28. gxf3 Rxb7 29. Rd1 Rc7 30. Ne2 Rc4 31. Rd4 Rxd4 32.
Nxd4 Rc8 33. Kf1 Rc4 34. Rb1 Nd7 35. Ke2 Ne5 36. f4 Nd7 37. Kd3 Kf8 38. Nc2 Ke7 39. Na3 Rc6 40. f3 Kd6 41. Rd1 f6 42. e4 dxe4+ 43. fxe4 Ke6 44. Ke3 Rd6 45. Rxd6+ Kxd6 46. Kd4 Ke6 47. Nc2 Kd6 48. Ne3 Nb8 49. e5+ fxe5+ 50. fxe5+ Ke6 51. Ke4 Nc6 52. Ng4 Nxb4 53. Nf6 h6 54.
Ng8 h5 55. Nf6 Nc6 0-1

[Event "*** Titled Tuesday Blitz"]
[Site "Chess.com"]
[Date "2021.03.30"]
[Round "5"]
[White "shnitez"]
[Black "Kildepiotr"]
[Result "0-1"]
[WhiteElo "2477"]
[BlackElo "2690"]
[TimeControl "180+1"]
[EndTime "10:56:29 PDT"]
[Termination "Kildepiotr won on time"]

1. c4 g6 2. Nc3 Bg7 3. Nf3 d6 4. d4 Nd7 5. e4 e5 6. Be2 Ngf6 7. d5 Nc5 8. Qc2 a5 9. h3 O-O 10. Bg5 h6 11. Be3 Ne8 12. Nd2 f5 13. f3 f4 14. Bf2 Bf6 15. O-O-O Bh4 16. Bg1 Bd7 17. b3 b6 18. Kb1 Nf6 19. Ka1 Nh5 20. Nf1 Qg5 21.
Bd3 a4 22. b4 Nb3+ 23. Kb1 Nd4 24. Bxd4 exd4 25. Nb5 Bxb5 26. cxb5 Qe7 27. a3 Nf6 28.
Nd2 Bf2 29. Nc4 Be3 30. Nb2 Nd7 31. Ka2 Ne5 32. Ra1 Ra7 33. Kb1 g5 34. Ka2 h5 35.
Nc4 Kg7 36. Nxe5 Qxe5 37. Qe2 Kf7 38. Rab1 Ke7 39. Rb2 Rg8 40. Rc2 Kd8 41. Rc6 Qg7 42.
Qc2 Ra8 43. Kb2 Rc8 44. Ka2 g4 45. hxg4 hxg4 46. e5 gxf3 47. gxf3 dxe5 48. Rh7 Qg2 49. Bf5 Qxc2+ 50. Rxc2 d3 51. Bxd3 Bd4 52. Rch2 Rg1 53.
Rh1 Rxh1 54. Rxh1 Ke7 55. Rh7+ Kd6 56. Rh6+ Kxd5 57. Be4+ Kc4 58. Rc6+ Kxb5 0-1

[Event "*** Titled Tuesday Blitz"]
[Site "Chess.com"]
[Date "2021.03.30"]
[Round "5"]
[White "GianmarcoVaR"]
[Black "Danny_Billiards"]
[Result "0-1"]
[WhiteElo "2751"]
[BlackElo "2586"]
[TimeControl "180+1"]
[EndTime "10:56:31 PDT"]
[Termination "Danny_Billiards won on time"]

1. Nf3 c5 2. g3 Nc6 3. Bg2 e5 4. O-O d5 5. d3 Nf6 6. e4 Be7 7. Nc3 Be6 8. Ng5 Bg4 9. f3 Bh5 10. g4 Bg6 11. Nh3 dxe4 12. fxe4 c4 13. Be3 cxd3 14.
cxd3 h6 15. Nf2 Nd7 16. Nh1 Bc5 17. Qe2 Bxe3+ 18. Qxe3 Qb6 19. Qxb6 Nxb6 20. Ng3 f6 21. Nf5 Bxf5 22. exf5 O-O-O 23. Be4 Nd4 24. Kg2 Kb8 25. h4 Nd7 26. b4 Nc2 27. Rab1 Ne3+ 28. Kf2 Nxf1 29.
Kxf1 Nb6 30. Ke2 Rd4 31. Kd2 Rc8 32. Rb3 Nc4+ 33. Ke2 Nd6 34. Bf3 a6 35. h5 Nb5 36.
Ne4 Rc2+ 37. Ke3 Rxa2 38. Nc5 Rf4 39. Ne6 Nd4 40. Nxf4 Nxb3 41. Ne6 Nd4 42. Nxg7 Rh2 43. Bd5 Rh3+ 44. Kf2 Rxd3 45. Ne8 Nc2 46. Nxf6 Nxb4 47. Be6 a5 48. g5 hxg5 49. h6 Rh3 50. h7 Nd3+ 51. Kf1 Nf4 52. Bf7 a4 53. Bh5 Nxh5 54. h8=Q+ Ka7 55. Nxh5 Rh1+ 0-1

[Event "*** Titled Tuesday Blitz"]
[Site "Chess.com"]
[Date "2021.03.30"]
[Round "5"]
[White "Pikachess999"]
[Black "louis198"]
[Result "1-0"]
[WhiteElo "2370"]
[BlackElo "2552"]
[TimeControl "180+1"]
[EndTime "10:56:32 PDT"]
[Termination "Pikachess999 won by resignation"]

1. c4 e6 2. Nc3 d5 3. cxd5 exd5 4. d4 Nc6 5. Nf3 g6 6. Bf4 a6 7. e3 Bg7 8. Bd3 Nge7 9. O-O O-O 10. Rc1 Nf5 11. h3 h6 12. a3 Nce7 13. Ne5 c6 14. b4 Nd6 15. Na4 g5 16. Bh2 f6 17.
Ng6 Nxg6 18. Bxg6 Nc4 19. Qd3 b5 20. Nc5 f5 21. Bh5 a5 22. Ra1 g4 23. hxg4 fxg4 24. Bg6 Qg5 25. Bh7+ Kh8 26. Bf4 Qh4 27. Bg3 Qg5 28. Bf4 Qh4 29. Bg3 Qe7 30. Rfe1 Nd6 31. Bg6 Bf5 32. Bxd6 Bxd3 33. Bxe7 Bxg6 34. Bxf8 Bxf8 35.
Rec1 Bf5 36. Nb3 a4 37. Nc5 Ra7 38. f3 h5 39. Kf2 Bh6 40. Rh1 Bg6 41. Rae1 Rf7 42.
Kg3 gxf3 43. gxf3 Kg7 44. Rh4 Kf6 45. e4 Bg5 46. e5+ Ke7 47. Rhh1 Bf4+ 48. Kf2 Bc2 49.
Rxh5 Rg7 50. Reh1 Bg3+ 51. Ke2 Bf4 52. Kf2 Bd2 53. R1h2 Bc3 54. Ke3 Bg6 55. Rg5 Kf7 56.
Rh6 Bb2 57. f4 Bxa3 58. f5 Bc1+ 59. Kf3 Bxg5 60. fxg6+ Rxg6 61. Rh7+ Rg7 62. Rxg7+ Kxg7 63. Ne6+ Kg6 64. Nc5 a3 65. Nb3 Bd2 66. Nxd2 Kf5 67. Nb3 a2 68. Na1 c5 69. bxc5 b4 70. c6 Ke6 71. Kf4 Ke7 72. Kf5 Kd8 73. e6 Kc7 74. e7 b3 75. Nxb3 1-0

[Event "*** Titled Tuesday Blitz"]
[Site "Chess.com"]
[Date "2021.03.30"]
[Round "5"]
[White "DFeco"]
[Black "RamyresCoelho"]
[Result "1-0"]
[WhiteElo "2321"]
[BlackElo "2161"]
[TimeControl "180+1"]
[EndTime "10:56:32 PDT"]
[Termination "DFeco won by checkmate"]

1. c4 Nf6 2. g3 g6 3. Bg2 Bg7 4. Nc3 O-O 5. e4 d6 6. Nge2 e5 7. O-O Nc6 8. d3 h6 9. h3 Be6 10. Nd5 Nd4 11. Nxd4 exd4 12. f4 Nxd5 13. cxd5 Bd7 14.
Bd2 f5 15. Re1 Re8 16. Kh2 Qf6 17. Qf3 c5 18. Re2 fxe4 19. dxe4 Re7 20. Qd3 a6 21. a4 Rae8 22. b3 b5 23. Ba5 c4 24. bxc4 bxc4 25.
Qxc4 d3 26. Ree1 Rc8 27. Qxd3 Qf8 28. Rac1 Bxa4 29. Qxa6 Rxc1 30. Rxc1 Re8 31. Bc7 Ra8 32. Qxd6 Qc8 33. Qe6+ Qxe6 34. dxe6 Bb2 35. Rb1 Bf6 36.
Rb8+ Rxb8 37. Bxb8 Bb3 38. f5 gxf5 39. exf5 Kf8 40.
Bd6+ Kg7 41. g4 Ba4 42. Kg3 Be8 43. Bb7 Bb2 44. Bc8 Bc3 45. Bd7 Be1+ 46. Kf3 Bxd7 47.
exd7 Ba5 48. Be7 Kf7 49. d8=Q Bxd8 50. Bxd8 h5 51. Bh4 hxg4+ 52. hxg4 Kg7 53. g5 Kh7 54. Kf4 Kg7 55. Ke5 Kh7 56. g6+ Kg7 57. Bf6+ Kf8 58. Ke6 Ke8 59. Bg5 Kf8 60. f6 Kg8 61. Ke7 Kh8 62.
Bf4 Kg8 63. f7+ Kg7 64. f8=Q+ Kxg6 65. Qf6+ Kh7 66. Qf7+ Kh8 67. Be5# 1-0